 Dungeon Crawl Stone Soup version 0.31.0-32-g396128a36d (webtiles) character file.

Game seed: 9007090048145087242

253 ChadusMaximus the Caller (level 6, 0/61 HPs)
             Began as a Barachi Summoner on Mar 12, 2024.
             Slain by a scorpion (6 damage)
             ... on level 4 of the Dungeon.
             The game lasted 00:04:07 (3142 turns).

ChadusMaximus the Caller (Barachi Summoner)         Turns: 3142, Time: 00:04:07

Health: 0/61       AC: 23    Str: 10    XL:     6   Next: 14%
Magic:  9/12       EV:  2    Int: 17    God:
Gold:   103        SH:  0    Dex: 12    Spells: 7/13 levels left

rFire   . . .        d - +4 spear
rCold   . . .        (no shield)
rNeg    . . .        a - melded +0 robe
rPois   +            g - melded +0 helmet
rElec   .            (cloak currently unavailable)
rCorr   .            (gloves currently unavailable)
SInv    +            (boots currently unavailable)
Will    .....        (no amulet)
Stlth   ++           m - ring of see invisible
HPRegen 0.30/turn    (no ring)
MPRegen 0.13/turn

%: no passive effects
@: lethally poisoned (0 -> -7), tree-form, unable to hop, inugami summoned
A: stationary, stasis, torment immunity, boosted hp, (amphibious), (slowness 1),
(strong legs 1), +LOS
a: no special abilities


You were on level 4 of the Dungeon.
You were a tree.
You visited 1 branch of the dungeon, and saw 4 of its levels.

You collected 103 gold pieces.

Inventory:

Hand Weapons
 c - a +0 dagger
 d - a +4 spear (weapon)
Armour
 a - a +0 robe (melded)
 g - a +0 helmet (melded)
Jewellery
 m - a ring of see invisible (left branch)
Scrolls
 e - a scroll of acquirement {unknown}
 f - 2 scrolls of poison {unknown}
 h - a scroll of blinking {unknown}
 i - 2 scrolls of teleportation {unknown}
 j - 2 scrolls of amnesia {unknown}
 k - 3 scrolls of identify {unknown}
 l - a scroll of noise {unknown}
 s - a scroll of silence {unknown}
Potions
 b - a potion of magic
 o - a potion of haste {unknown}
 p - a potion of enlightenment {unknown}
 q - a potion of might {unknown}
 r - a potion of berserk rage {unknown}


   Skills:
 - Level 2.1 Dodging
 - Level 1.7 Stealth
 + Level 4.0 Spellcasting
 * Level 7.6 Summonings


You had 7 spell levels left.
You knew the following spells:

 Your Spells              Type           Power      Damage    Failure   Level
a - Summon Small Mammal   Summ           100%       N/A       1%          1
b - Call Canine Familiar  Summ           29%        N/A       1%          3
c - Call Imp              Summ           58%        N/A       1%          2

Your spell library contained the following spells:

 Spells                   Type           Power      Damage    Failure   Level
 Jinxbite                 Hex            6%         N/A       24%         2
 Summon Blazeheart Golem  Fire/Summ      16%        N/A       32%         4
 Summon Lightning Spire   Summ/Air       16%        N/A       32%         4
 Dazzling Flash           Conj/Hex       6%         N/A       43%         3
 Volatile Blastmotes      Fire/Tloc      6%         2d10      43%         3
 Yara's Violent Unravell  Hex/Alch       1%         3d3       99%         5
 Conjure Ball Lightning   Conj/Air       1%         3x3d6     100%        6
 Starburst                Conj/Fire      1%         6d3       100%        6
 Enfeeble                 Hex            1%         N/A       100%        7
 Discord                  Hex            1%         N/A       100%        8
 Disjunction              Tloc           1%         N/A       100%        8
 Maxwell's Capacitive Co  Air            1%         ∞         100%        8


Dungeon Overview and Level Annotations

Branches:
Dungeon (4/15)
 Temple: D:4-7

Altars:
Gozag

Shops:
D:1 (   D:3 *

Annotations:
D:3 CapUranus's ghost, amateur HOFi


Innate Abilities, Weirdness & Mutations

You are a tree.
Your roots penetrate the ground, keeping you stationary.
You cannot be teleported.
You are immune to unholy pain and torment.
Your maximum health is greatly increased.
Your equipment is partially melded.
((You are amphibious.))
((You cover ground slowly.))
((You can hop short distances.))
You have an extended range of vision and can be seen from far away.


Message History

The scorpion is moderately wounded.
You feel sick. The scorpion stings you.
You hit the scorpion.
The scorpion is severely wounded.
You feel sick. The scorpion stings you.
You are more poisoned.
The scorpion poisons you! The scorpion closely misses you.
Unknown command.
You closely miss the scorpion.
The scorpion is severely wounded.
You feel very sick. The scorpion stings you.
You are too injured to fight recklessly!
Unknown command.
You are too injured to fight recklessly!
Hop to where?
Press: ? - help, Dir - move target Boing!
You feel sick.
Casting: Summon Small Mammal (safe; 1% risk of failure)
Confirm with . or Enter, or press ? or * to list all spells.
You call for your canine familiar and it appears with a howl!
You feel sick.
You closely miss the scorpion.
The scorpion is severely wounded.
You feel sick. The scorpion closely misses you. The scorpion stings you.
* * * LOW HITPOINT WARNING * * *
You are lethally poisoned!
The scorpion poisons you!
Your inugami completely misses the scorpion.
You hit the scorpion but do no damage.
The scorpion is severely wounded.
* * * LOW HITPOINT WARNING * * *
You feel very sick. The scorpion misses you.
Your inugami hits the scorpion.
Unknown command.
You turn into a tree.
Your +0 helmet melds into your body.
Your +0 robe melds into your body.
Your roots penetrate the ground.
* * * LOW HITPOINT WARNING * * *
You feel sick. The scorpion stings you.
You die...

#. ###.#### ### #
....#.## #.##
#.###.....## ...##
...........#####. ....##
#............. .....#
#.##.......#
....#####.......s.>#
...####.######(h♣..#
#........# ###...#
#######.## #...#
#.......# #...# #.#####.#
#...#
#.###...########...##.##.
#.##....##...............
......#.................#
#.###.#.##...........)...


You could see a scorpion (ally target) and a friendly inugami (summoned).

Vanquished Creatures
  Jessica (D:2)
  Robin (D:2)
  6 adders
  A dart slug (D:3)
  2 ribbon worms (D:2)
  An orc (D:3)
  4 bats
  9 endoplasms
  4 giant cockroaches
  14 goblins
  6 hobgoblins
  3 jackals (D:3)
  2 quokkas
  5 ball pythons
  2 frilled lizards
  6 kobolds
  2 rats
69 creatures vanquished.

Vanquished Creatures (collateral kills)
  An orc wizard (D:3)
  3 gnolls (D:2)
  2 orcs (D:3)
  A bat (D:1)
  A giant cockroach (D:1)
  4 goblins
  3 hobgoblins (D:1)
  3 ball pythons
  A kobold (D:1)
  3 rats
22 creatures vanquished.

Grand Total: 91 creatures vanquished

Notes
Turn   | Place    | Note
-------+----------+-------------------------------------------
     0 | D:1      | ChadusMaximus the Barachi Summoner began the quest for the
                  | Orb.
     0 | D:1      | Reached XP level 1. HP: 13/13 MP: 3/3
    47 | D:1      | Reached skill level 5 in Summonings
   152 | D:1      | Reached XP level 2. HP: 16/19 MP: 5/5
   663 | D:1      | Found a faded altar of an unknown god.
   670 | D:1      | Reached XP level 3. HP: 20/24 MP: 7/7
   862 | D:1      | Found Odghiroj's Antique Weapon Boutique.
  1041 | D:1      | Learned a level 3 spell: Call Canine Familiar
  1044 | D:1      | Learned a level 2 spell: Call Imp
  1155 | D:2      | Reached skill level 6 in Summonings
  1240 | D:2      | Noticed Robin
  1241 | D:2      | Reached XP level 4. HP: 30/30 MP: 8/8
  1264 | D:2      | Killed Robin
  1353 | D:2      | You fall into a shaft and drop 1 floor!
  1419 | D:3      | Found Livvoigi's Assorted Antiques.
  1532 | D:3      | Reached XP level 5. HP: 35/35 MP: 10/10
  1680 | D:3      | Found a runed translucent door.
  1681 | D:3      | Noticed CapUranus's ghost (amateur HOFi)
  1793 | D:3      | Found an opulent altar of Gozag.
  2207 | D:2      | Reached skill level 7 in Summonings
  2568 | D:2      | Noticed Jessica
  2571 | D:2      | Killed Jessica
  2572 | D:2      | Reached XP level 6. HP: 41/41 MP: 11/11
  3142 | D:4      | Slain by a scorpion

Illustrated notes

Levels and vault maps discovered:
D:1:      lemuel_arrival_rhombus, layout_basic, serial_shops, shop,
          shapermc_ecumenical_altar_notcrosses, minmay_pentomino_t4
D:2:      layout_loops_ring, uniq_robin, uniq_jessica
D:3:      layout_rooms, mainiacjoe_overflow_small_starburst,
          ebering_ghost_sewer_d, serial_shops, shop
D:4:      layout_loops_cross, nicolae_overflow_hidden_temple

Skill      XL: |  1  2  3  4  5  6 |
---------------+-------------------+-----
Summonings     | 5 6 7 |  7.6
Spellcasting   | 3 4 |  4.0
Dodging        | |  2.1
Stealth        | |  1.7

Action                     |  1- 3 |  4- 6 || total
---------------------------+-------+-------++-------
  Melee: Unarmed           |    15 |       ||    15
         Dagger            |    23 |       ||    23
         Spear             |    53 |   149 ||   202
         Punch             |       |     1 ||     1
   Cast: Summon Small Mamm |    13 |     4 ||    17
         Call Canine Famil |       |     6 ||     6
         Call Imp          |       |     4 ||     4
Ability: Hop               |     1 |     2 ||     3
    Use: Potion            |       |     2 ||     2
   Stab: Sleeping          |     6 |     6 ||    12
 Armour: Robe              |    64 |    64 ||   128
         Skin              |       |    12 ||    12
  Dodge: Dodged            |    67 |    66 ||   133
